 Dungeon Crawl Stone Soup version 0.27-a0-29-g2d0a2396b0 (webtiles) character file.

Game seed: 390028686953540187

167 gruber the Covered (level 5, -3/43 HPs)
             Began as a Gnoll Wanderer on Jan 3, 2021.
             Slain by Edmund
             ... wielding a +2 vorpal dire flail
              (12 damage)
             ... on level 3 of the Dungeon.
             The game lasted 00:02:34 (3047 turns).

gruber the Covered (Gnoll Wanderer)                 Turns: 3047, Time: 00:02:35

Health: -3/43      AC: 10    Str: 17    XL:     5   Next: 48%
Magic:  7/7        EV: 11    Int: 14    God:
Gold:   125        SH:  0    Dex: 13    Spells: 7/7 levels left

rFire    . . .     SeeInvis .   a - +2 spear
rCold    . . .     Faith    .   (no shield)
rNeg     . . .     Spirit   .   j - +3 ring mail
rPois    .         Reflect  .   (no helmet)
rElec    .         Harm     .   (no cloak)
rCorr    .         Rampage  .   (no gloves)
Will     +....                  n - +0 pair of boots
Stlth    ++........             (no amulet)
HPRegen  0.14/turn              d - ring of willpower
MPRegen  0.10/turn              m - ring of stealth

@: no status effects
A: distributed training, fangs 1, strong nose
a: no special abilities


You were on level 3 of the Dungeon.
You visited 1 branch of the dungeon, and saw 4 of its levels.

You collected 125 gold pieces.

Inventory:

Hand Weapons
 a - a +2 spear (weapon)
Missiles
 o - 5 javelins (quivered)
 t - 11 poisoned darts
Armour
 j - a +3 ring mail (worn)
 n - a +0 pair of boots (worn)
Jewellery
 d - a ring of willpower (left hand)
 m - a ring of stealth (right hand)
Scrolls
 f - 3 scrolls of teleportation {unknown}
 h - 2 scrolls of magic mapping {unknown}
 i - 7 scrolls of identify {unknown}
 l - a scroll of enchant weapon {unknown}
 p - a scroll of amnesia {unknown}
 s - 2 scrolls of remove curse {unknown}
Potions
 b - a potion of lignification
 c - 2 potions of curing
 e - 2 potions of heal wounds {unknown}
 g - a potion of mutation {unknown}
 k - 2 potions of magic {unknown}
 q - a potion of invisibility {unknown}
 r - 2 potions of haste {unknown}


   Skills:
 + Level 4.8 Fighting
 + Level 1.5 Short Blades
 + Level 1.5 Long Blades
 + Level 1.5 Axes
 + Level 1.5 Maces & Flails
 + Level 4.8 Polearms
 + Level 1.5 Staves
 + Level 1.5 Slings
 + Level 3.0 Bows
 + Level 1.5 Crossbows
 + Level 4.8 Throwing
 + Level 6.7 Armour
 + Level 1.5 Dodging
 + Level 1.5 Stealth
 + Level 1.5 Shields
 + Level 1.5 Unarmed Combat
 + Level 1.5 Spellcasting
 + Level 1.2 Conjurations
 + Level 1.2 Hexes
 + Level 1.2 Summonings
 + Level 1.2 Necromancy
 + Level 1.2 Translocations
 + Level 1.2 Transmutations
 + Level 1.2 Fire Magic
 + Level 1.2 Ice Magic
 + Level 1.2 Air Magic
 + Level 1.2 Earth Magic
 + Level 1.2 Poison Magic
 + Level 1.7 Invocations
 + Level 1.5 Evocations


You had 7 spell levels left.
You didn't know any spells.
Your spell library was empty.

Dungeon Overview and Level Annotations

Branches:
Dungeon (4/15)
 Temple: D:4-7

Altars:
Ru
Yredelemnul

Annotations:
D:3 Edmund


Innate Abilities, Weirdness & Mutations

Your experience applies equally to all skills.
You have very sharp teeth.
Your uncanny sense of smell can sniff out nearby items.


Message History

Edmund is nearby!
Edmund is nearby!
Unknown command.
Edmund drinks a potion.
Edmund goes berserk!
Edmund hits you with a +2 vorpal dire flail.
Edmund hits you but does no damage.
Edmund rages.
Edmund hits you with a +2 vorpal dire flail!
Edmund hits you with a +2 vorpal dire flail!
There is a stone staircase leading up, spattered with blood here.
Edmund barely misses you.
You climb upwards.
There is a stone staircase leading down here.
Edmund closely misses you. Edmund barely misses you.
Edmund rages.
Edmund hits you with a +2 vorpal dire flail!
* * * LOW HITPOINT WARNING * * *
x2 Edmund hits you with a +2 vorpal dire flail!
You die...

#.# #.# #)#
##########†# ##.#
#..........#
.#'######.##########
.......##.########
.......'....>....#
.......#####.###.#
+#+#.........# #@#
.....######### #@#
.....# #.# ....##
#.# ....# #.# ....#
#.# ....# #.# ....#
#.#
################.#
.................#


You could see Edmund (berserk).

Vanquished Creatures
  An iguana (D:2)
  7 adders
  An ooze (D:3)
  A worm (D:2)
  4 dart slugs
  3 leopard geckos
  4 bats
  3 giant cockroaches
  7 goblins
  9 hobgoblins
  2 jackals (D:2)
  6 kobolds
  A quokka (D:3)
  6 frilled lizards
  4 rats
59 creatures vanquished.

Notes
Turn   | Place    | Note
-------+----------+-------------------------------------------
     0 | D:1      | gruber the Gnoll Wanderer began the quest for the Orb.
     0 | D:1      | gruber set off with the following items: a +2 spear, a
                  | potion of lignification, a potion of curing, a +0 robe
     0 | D:1      | Reached XP level 1. HP: 20/20 MP: 1/1
   326 | D:1      | Reached XP level 2. HP: 26/26 MP: 2/2
  1156 | D:1      | Reached XP level 3. HP: 23/31 MP: 3/3
  1253 | D:2      | Reached skill level 1 in Invocations
  1315 | D:2      | Reached skill level 1 in Short Blades
  1315 | D:2      | Reached skill level 1 in Long Blades
  1315 | D:2      | Reached skill level 1 in Axes
  1315 | D:2      | Reached skill level 1 in Maces & Flails
  1315 | D:2      | Reached skill level 1 in Staves
  1315 | D:2      | Reached skill level 1 in Slings
  1315 | D:2      | Reached skill level 1 in Crossbows
  1315 | D:2      | Reached skill level 1 in Dodging
  1315 | D:2      | Reached skill level 1 in Stealth
  1315 | D:2      | Reached skill level 1 in Shields
  1315 | D:2      | Reached skill level 1 in Unarmed Combat
  1315 | D:2      | Reached skill level 1 in Spellcasting
  1315 | D:2      | Reached skill level 1 in Evocations
  1364 | D:2      | Reached XP level 4. HP: 14/38 MP: 5/5
  1420 | D:2      | Reached skill level 1 in Conjurations
  1420 | D:2      | Reached skill level 1 in Hexes
  1420 | D:2      | Reached skill level 1 in Summonings
  1420 | D:2      | Reached skill level 1 in Necromancy
  1420 | D:2      | Reached skill level 1 in Translocations
  1420 | D:2      | Reached skill level 1 in Transmutations
  1420 | D:2      | Reached skill level 1 in Fire Magic
  1420 | D:2      | Reached skill level 1 in Ice Magic
  1420 | D:2      | Reached skill level 1 in Air Magic
  1420 | D:2      | Reached skill level 1 in Earth Magic
  1420 | D:2      | Reached skill level 1 in Poison Magic
  2004 | D:2      | Found a basalt altar of Yredelemnul.
  2012 | D:2      | Reached XP level 5. HP: 43/43 MP: 6/6
  2686 | D:3      | Found a sacrificial altar of Ru.
  3025 | D:4      | Noticed Edmund
  3047 | D:3      | Slain by Edmund

Illustrated notes

Levels and vault maps discovered:
D:1:      evilmike_arrival_crescent, layout_basic, lemuel_another_geyser
D:2:      layout_basic, lemuel_crystal_altar
D:3:      layout_basic, nicolae_ru_awakened_eye
D:4:      layout_gridville, uniq_ijyb, uniq_edmund

Skill      XL: |  1  2  3  4  5 |
---------------+----------------+-----
Invocations    | 1 |  1.7
Short Blades   | 1 |  1.5
Long Blades    | 1 |  1.5
Axes           | 1 |  1.5
Maces & Flails | 1 |  1.5
Staves         | 1 |  1.5
Slings         | 1 |  1.5
Crossbows      | 1 |  1.5
Dodging        | 1 |  1.5
Stealth        | 1 |  1.5
Shields        | 1 |  1.5
Unarmed Combat | 1 |  1.5
Spellcasting   | 1 |  1.5
Evocations     | 1 |  1.5
Conjurations   | 1 |  1.2
Hexes          | 1 |  1.2
Summonings     | 1 |  1.2
Necromancy     | 1 |  1.2
Translocations | 1 |  1.2
Transmutations | 1 |  1.2
Fire Magic     | 1 |  1.2
Ice Magic      | 1 |  1.2
Air Magic      | 1 |  1.2
Earth Magic    | 1 |  1.2
Poison Magic   | 1 |  1.2
Bows           | 3 |  3.0
Fighting       | |  4.8
Polearms       | |  4.8
Throwing       | |  4.8
Armour         | |  6.7

Action                   |  1- 3 |  4- 6 || total
-------------------------+-------+-------++-------
Melee: Spear             |    91 |   121 ||   212
       Bite              |     5 |    12 ||    17
Throw: Javelin           |       |     1 ||     1
       Dart              |       |     3 ||     3
 Stab: Sleeping          |       |     4 ||     4
Armor: Robe              |     4 |       ||     4
       Ring mail         |    24 |    29 ||    53
Dodge: Dodged            |    39 |    43 ||    82

Table legend: (Time is in decaauts)
 A = Elapsed time spent in this place.
 B = Non-inter-level travel time spent in this place.
 C = Inter-level travel time spent in this place.
 D = Time resting spent in this place.
 E = Time spent auto-exploring this place.
 F = Levels seen in this place.
 G = Mean time per level.
                   A        B        C        D        E       F      G
               +--------+--------+--------+--------+--------+-----+--------+
         Total |   3020 |   2833 |    187 |     86 |   2326 |   4 |  755.0 |
       Dungeon |   3020 |   2833 |    187 |     86 |   2326 |   4 |  755.0 |
               +--------+--------+--------+--------+--------+-----+--------+

Top non-repeatable levels by time:
     D:1: 1230 daAuts
     D:2: 1186 daAuts
     D:3: 577 daAuts
     D:4: 25 daAuts
